 Dungeon Crawl Stone Soup version 0.17-a0-1997-ga88ed7d (webtiles) character file.

1338 Ordine the Fighter (level 8, -14/61 HPs)
             Began as an Octopode Fighter on Oct 8, 2015.
             Was an Initiate of Dithmenos.
             Demolished by an orc warrior
             ... wielding a +0 glaive
              (17 damage)
             ... on level 6 of the Dungeon.
             The game lasted 00:12:21 (5872 turns).

Ordine the Fighter (Octopode Fighter)               Turns: 5872, Time: 00:12:21

Health: -14/61     AC:  1    Str: 15    XL:     8   Next: 61%
Magic:  8/8        EV: 10    Int: 11    God:    Dithmenos [......]
Gold:   308        SH:  8    Dex: 13    Spells: 0 memorised, 7 levels left

rFire  . . .     SeeInvis .     a - +1 long sword
rCold  + . .     Clarity  .     b - +0 shield
rNeg   . . .     SustAt   .     (helmet restricted)
rPois  .         Gourm    .     (no amulet)
rElec  .         Spirit   .     h - ring of stealth
rCorr  .         Warding  .     j - ring of wizardry
rMut   .         Stasis   .     f - ring of protection from cold
MR     .....                    (no ring)
Stlth  +++.......               (no ring)
                                (no ring)
                                (no ring)
                                (no ring)

@: very slightly contaminated, invisible, not resistant to hostile enchantments,
fairly stealthy
A: almost no armour, amphibious, 8 rings, constrict 8, camouflage 1, gelatinous
body 1
a: Renounce Religion


You were on level 6 of the Dungeon.
You worshipped Dithmenos.
Dithmenos was noncommittal.
You were not hungry.

You visited 2 branches of the dungeon, and saw 7 of its levels.

You collected 308 gold pieces.

Inventory:

Hand Weapons
 a - a +1 long sword (weapon)
Missiles
 c - 37 poisoned needles
 e - 246 stones
 k - 2 javelins (quivered)
 u - 9 tomahawks
Armour
 b - a +0 shield (worn)
Jewellery
 f - a ring of protection from cold (on tentacle)
 h - a ring of stealth (left tentacle)
 j - a ring of wizardry (right tentacle)
Wands
 x - a wand of invisibility (0)
Scrolls
 p - 4 scrolls of remove curse
 w - 2 scrolls of teleportation
Potions
 i - 2 potions of ambrosia
 m - a potion of curing
 q - 2 potions of magic {unknown}
 s - a potion of beneficial mutation {unknown}
 v - a potion of agility {unknown}
Comestibles
 d - 7 bread rations
 g - 3 fruits
 l - 4 beef jerkies
 n - 2 slices of pizza
 o - 2 chunks of flesh
 r - a royal jelly
 t - a meat ration


   Skills:
 + Level 8.0 Fighting
 + Level 7.3 Long Blades
 - Level 3.0 Dodging
 - Level 3.0 Shields


You had 7 spell levels left.
You didn't know any spells.

Dungeon Overview and Level Annotations

Branches:
Dungeon (6/15)             Temple (1/1) D:5

Altars:
Cheibriados
Dithmenos
Elyvilon
Fedhas
Kikubaaqudgha
Nemelex Xobeh
Okawaru
Qazlal
Sif Muna
Xom
Yredelemnul
Zin
The Shining One


Innate Abilities, Weirdness & Mutations

You cannot wear most types of armour.
You are amphibious.
You can wear up to eight rings at the same time.
You can use your tentacles to constrict eight enemies at once.
Your skin changes colour to match your surroundings (Stealth).
Your rubbery body absorbs attacks (AC +1).


Message History

You barely miss the orc wizard. You grab the orc wizard.
The orc wizard is moderately wounded.
You constrict the orc wizard. You block the orc wizard's attack.
You slash the orc wizard!
The orc wizard is almost dead.
You constrict the orc wizard, but do no damage.
The orc wizard gestures at you while chanting.
You resist with some effort.
You hit the orc wizard.
The orc wizard is almost dead.
You constrict the orc wizard. You block the orc wizard's attack.
You slash the orc wizard!
You kill the orc wizard!
Dithmenos accepts your kill.
Dithmenos appreciates your extinguishing a source of fire.
Your Fighting skill increases to level 8!
The orc warrior hits you from afar with a glaive!
* * * LOW HITPOINT WARNING * * *
The orc warrior hits you with a glaive!
You die...

#....(#** #.....# * #...?.#
* #.....# * #.....# *
**##***#.....# *
*,....,#...o.#
***,.....#...##############
+,,,..........oo@........>#
***,...>.#......####.#....#
* **#######.#.#.# #.#....#
#.#.#.# #.#....#
#.#...####.#..).######
#.##.................#
#.##.#####.#####.[...#
#.......##.....#.....#
#.......##.....#.....#


You could see an orc warrior and an orc (confused).

Vanquished Creatures
  Sigmund (D:4)
  An ice beast (D:5)
  A centaur (D:4)
  2 ogres
  2 giant frogs (D:6)
  3 orc priests
  Ijyb (D:2)
  2 iguanas
  A jelly (D:5)
  2 giant frog skeletons (D:4)
  A centaur skeleton (D:5)
  4 worker ants
  Natasha (twice) (D:3 D:2)
  6 orc wizards
  3 adders (D:2)
  A gnoll (D:1)
  6 oozes (D:1)
  2 worms (D:1)
  8 orcs
  2 ball pythons
  8 bats
  6 giant cockroaches
  9 goblins
  5 hobgoblins
  9 jackals
  10 kobolds
  2 quokkas
  A ball python skeleton (D:4)
  A giant gecko skeleton (D:4)
  9 giant newts
  A quokka zombie (D:5)
  12 rats
124 creatures vanquished.

Notes
Turn   | Place    | Note
--------------------------------------------------------------
     0 | D:1      | Ordine the Octopode Fighter began the quest for the Orb.
     0 | D:1      | Reached XP level 1. HP: 16/16 MP: 1/1
     1 | D:1      | Found a runed door.
    20 | D:1      | Reached XP level 2. HP: 21/21 MP: 2/2
   251 | D:1      | Reached XP level 3. HP: 22/26 MP: 3/3
   769 | D:1      | Reached skill level 4 in Fighting
   806 | D:1      | Reached XP level 4. HP: 19/33 MP: 4/4
  1147 | D:2      | Reached XP level 5. HP: 25/38 MP: 5/5
  1475 | D:2      | Found a glowing silver altar of Zin.
  1585 | D:2      | Found a blossoming altar of Fedhas.
  1726 | D:2      | Noticed Ijyb
  1734 | D:2      | Killed Ijyb
  1803 | D:3      | Noticed Natasha
  1807 | D:3      | Killed Natasha
  1833 | D:3      | Noticed Natasha
  1862 | D:2      | Killed Natasha
  1862 | D:2      | Reached skill level 5 in Fighting
  2297 | D:3      | Reached XP level 6. HP: 4/45 MP: 6/6
  3138 | D:4      | Reached skill level 5 in Long Blades
  3415 | D:4      | Noticed Sigmund
  3424 | D:4      | Killed Sigmund
  3424 | D:4      | Reached skill level 6 in Fighting
  3424 | D:4      | Reached XP level 7. HP: 35/52 MP: 7/7
  4281 | D:5      | Entered Level 5 of the Dungeon
  4331 | D:5      | Found a staircase to the Ecumenical Temple.
  4344 | Temple   | Entered the Ecumenical Temple
  4440 | Temple   | Became a worshipper of Dithmenos the Shadowed
  4546 | D:5      | Reached skill level 7 in Fighting
  4627 | D:5      | Reached XP level 8. HP: 43/60 MP: 8/8
  5863 | D:6      | HP: 2/61 [orc warrior/glaive (17)]
  5871 | D:6      | Reached skill level 8 in Fighting
  5871 | D:6      | HP: 3/61 [orc warrior/glaive (12)]
  5872 | D:6      | Demolished by an orc warrior

Vault maps used:
D:1:      dpeg_arrival_caged_fury, minmay_newt_pond
D:2:      lemuel_doored_altar, first_bread, fedhas_altar_1, uniq_iyjb
D:3:      uniq_natasha
D:4:      uniq_sigmund
D:5:      temple_hall
D:6:      overflow_temple_1_default, serial_shops, nicolae_shop_waterfront,
          corner_web_ring
Temple:   circular_temple_12

Action                   |  1- 3 |  4- 6 |  7- 9 || total
-------------------------+-------+-------+-------++-------
Melee: Long sword        |    61 |   104 |    68 ||   233
Throw: Stone             |     1 |     2 |       ||     3
       Javelin           |       |       |    17 ||    17
Evoke: Wand              |       |     8 |     2 ||    10
  Use: Scroll            |     3 |     5 |     5 ||    13
       Potion            |     1 |       |     2 ||     3
 Stab: Sleeping          |     5 |     9 |     2 ||    16
       Invisible         |       |       |     2 ||     2
  Eat: Chunk             |       |     6 |     4 ||    10
       Fruit             |       |     1 |       ||     1
       Meat ration       |       |       |     1 ||     1
